 Dungeon Crawl Stone Soup version 0.24.0-7-gb3623d2c88 (webtiles) character file.

Game seed: 12658382146972549405, levelgen mode: deterministic

1201165 Johnny the Sorcerer (level 27, -12/244 HPs)
             Began as a Demigod Earth Elementalist on Oct 30, 2019.
             Mangled by a doom hound (31 damage)
             ... on level 4 of Tartarus on Nov 3, 2019.
             The game lasted 04:57:06 (88178 turns).

Johnny the Sorcerer (Demigod Earth Elementalist)   Turns: 88178, Time: 04:57:11

Health: -12/244    AC: 19    Str: 11    XL:     27
Magic:  38/60      EV: 25    Int: 46    God:
Gold:   5751       SH:  4    Dex: 17    Spells: 2/77 levels left

rFire    + + +     SeeInvis +   v - staff of earth
rCold    + + .     Gourm    .   (no shield)
rNeg     + . .     Faith    .   A - +4 troll leather armour
rPois    +         Spirit   .   Z - -2 hat of the Alchemist {rElec rPois rF+ rC+ rN+ MR+ rMut rCorr}
rElec    +         Reflect  .   a - scarf {rC+ rF+}
rCorr    +         Harm     .   P - +2 pair of gloves {Dex+3}
rMut     +                      w - +2 pair of boots {run}
MR       ++++.                  D - amulet "Janid" {RegenMP rPois Int+2}
Stlth    ++++......             N - ring "Wuckety" {+Fly AC+4 Int+3}
HPRegen  0.90/turn              Q - ring "Wunorph" {+Fly MR+ Int+8 SInv Stlth-}
MPRegen  0.62/turn

@: very slightly contaminated, slowed, very slow
A: large bone plates 1, blurry vision 1, clumsy 1, deterioration 1, dopey 2,
fire resistance 1, high mp 1, screaming 2
}: 12/15 runes: serpentine, barnacled, slimy, silver, iron, obsidian, abyssal,
demonic, glowing, magical, fiery, dark
a: Evoke Flight


You were on level 4 of Tartarus.
You were very full.

You visited 13 branches of the dungeon, and saw 68 of its levels.
You visited Pandemonium 2 times, and saw 18 of its levels.
You visited the Abyss 3 times.
You visited 1 ziggurat, and saw 15 of its levels.

You collected 10964 gold pieces.
You spent 5213 gold pieces at shops.

Inventory:

Hand Weapons
 n - the +7 sceptre of Asmodeus
   (You took it off Asmodeus on level 7 of Gehenna)
 u - the +11 great sword of Exoneration {flame, *Noise MR+ Int+8}
   (You found it on level 13 of a ziggurat)

   It has been specially enchanted to burn those struck by it, causing extra
   injury to most foes and up to half again as much damage against particularly
   susceptible opponents.
   Big, fiery blades are also staple armaments of hydra-hunters.
   It affects your intelligence (+8).
   It affects your resistance to hostile enchantments.
   It may make noises in combat.
 J - the cursed +1 glaive of Fortitude {speed, *Noise Str+8 Stlth+, unknown}
   (You found it on level 7 of the Iron City of Dis)

   Attacks with this weapon are significantly faster.
   It affects your strength (+8).
   It may make noises in combat.
   It makes you more stealthy.
   It has a curse placed upon it.
Missiles
 p - 984 stones (quivered)
Armour
 a - a scarf of resistance (worn)
 w - a +2 pair of boots of running (worn)
 A - a +4 troll leather armour (worn)
 H - a scarf of repulsion
 P - a +2 pair of gloves of dexterity (worn)
 Z - the -2 hat of the Alchemist (worn) {rElec rPois rF+ rC+ rN+ MR+ rMut rCorr}
   (You found it on level 10 of a ziggurat)

   It protects you from fire.
   It protects you from cold.
   It insulates you from electricity.
   It protects you from poison.
   It protects you from negative energy.
   It affects your resistance to hostile enchantments.
   It provides partial protection from all sources of acid and corrosion.
   It protects you from mutation.
Magical Staves
 v - an uncursed staff of earth (weapon)
 G - an uncursed staff of power
Jewellery
 x - the amulet of Elykocuv {Reflect Str+4 SH+5, unknown}
   (You found it on level 7 of the Iron City of Dis)

   [amulet of reflection]

   It shields you and reflects attacks.
   It affects your strength (+4).
   It affects your SH (+5).
 y - the ring of Poekhlas {rN+ MR+ Int+4 Dex+4}
   (You found it on level 7 of a ziggurat)

   [ring of protection from magic]

   It affects your intelligence (+4).
   It affects your dexterity (+4).
   It protects you from negative energy.
   It affects your resistance to hostile enchantments.
 D - the amulet "Janid" (around neck) {RegenMP rPois Int+2}
   (You found it on level 2 of the Lair of Beasts)

   [amulet of magic regeneration]

   It increases your magic regeneration.
   It affects your intelligence (+2).
   It protects you from poison.
 N - the ring "Wuckety" (left hand) {+Fly AC+4 Int+3}
   (You took it off a merfolk on level 2 of the Shoals)

   [ring of protection]

   It affects your AC (+4).
   It affects your intelligence (+3).
   It lets you fly.
 O - an uncursed amulet of regeneration
 Q - the ring "Wunorph" (right hand) {+Fly MR+ Int+8 SInv Stlth-}
   (You took it off a spriggan berserker on level 5 of the Depths)

   [ring of flight]

   It affects your intelligence (+8).
   It affects your resistance to hostile enchantments.
   It lets you see invisible.
   It lets you fly.
   It makes you less stealthy.
 X - the amulet of Entrepreneurial Spirit {+Rage rN++ Str-4 Int+4 Slay+6, unknown}
   (You found it on level 7 of the Iron City of Dis)

   [amulet of rage]

   It affects your strength (-4).
   It affects your intelligence (+4).
   It affects your accuracy and damage with ranged weapons and melee attacks
   (+6).
   It greatly protects you from negative energy.
   It lets you go berserk.
Wands
 Y - a wand of digging (3)
Scrolls
 h - 23 scrolls of teleportation
 j - 27 scrolls of remove curse
 l - 3 scrolls of fear
 m - 8 scrolls of magic mapping
 E - 8 scrolls of fog
 F - 10 scrolls of immolation
 I - 2 scrolls of holy word
 S - 5 scrolls of vulnerability
 U - 15 scrolls of enchant armour
 V - 4 scrolls of blinking
Potions
 b - 3 potions of berserk rage
 c - 13 potions of lignification
 e - 6 potions of heal wounds
 f - 10 potions of agility
 g - 6 potions of haste
 i - 12 potions of flight
 k - 14 potions of brilliance
 o - a potion of magic
 q - 2 potions of invisibility
 r - 23 potions of curing
 z - 6 potions of mutation
 B - a potion of resistance
 K - 6 potions of might
 M - 4 potions of cancellation
Miscellaneous
 t - a phial of floods
 C - a lamp of fire
 L - a lightning rod (4/4)
 R - a sack of spiders
 T - 10 phantom mirrors
Comestibles
 d - 26 rations


   Skills:
 + Level 19.5 Fighting
 + Level 14.0 Armour
 + Level 18.2 Dodging
 + Level 12.9 Stealth
 * Level 25.9 Spellcasting
 + Level 17.7 Conjurations
 + Level 12.4 Necromancy
 - Level 18.0 Translocations
 - Level 0.8 Transmutations
 - Level 24.5 Earth Magic


You had 2 spell levels left.
You knew the following spells:

 Your Spells              Type           Power        Failure   Level  Hunger
a - Sandblast             Erth           ######       0%          1    None
b - Stone Arrow           Conj/Erth      ######       0%          3    None
c - Lee's Rapid Deconstr  Erth           #########.   0%          5    None
d - Petrify               Tmut/Erth      ########     0%          4    None
e - Iron Shot             Conj/Erth      #########.   0%          6    None
f - Regeneration          Chrm/Necr      #######...   1%          3    None
g - Controlled Blink      Tloc           N/A          1%          8    None
h - Blink                 Tloc           N/A          0%          2    None
i - Shatter               Erth           #########.   1%          9    None
j - Malign Gateway        Summ/Tloc      #######...   5%          7    None
k - Passage of Golubria   Tloc           N/A          0%          4    None
l - Borgnjor's Vile Clut  Necr/Erth      ########..   0%          5    None
m - Summon Butterflies    Summ           ######..     1%          1    None
n - Shroud of Golubria    Chrm/Tloc      ######       0%          2    None
o - Sublimation of Blood  Necr           ########..   0%          2    None
p - Lehudib's Crystal Sp  Conj/Erth      #########.   1%          8    None
q - Aura of Abjuration    Summ           ######....   8%          5    None

Your spell library contained the following spells:

 Spells                   Type           Power        Failure   Level  Hunger
 Animate Skeleton         Necr           N/A          0%          1    None
 Flame Tongue             Conj/Fire      #####        0%          1    None
 Magic Dart               Conj           ####         0%          1    None
 Pain                     Necr           ####         0%          1    None
 Shock                    Conj/Air       ####         0%          1    None
 Sting                    Conj/Pois      ####         0%          1    None
 Corpse Rot               Necr           N/A          0%          2    None
 Passwall                 Tmut/Erth      ########     0%          2    None
 Throw Flame              Conj/Fire      ######       0%          2    None
 Throw Frost              Conj/Ice       ######       0%          2    None
 Beastly Appendage        Tmut           ######       1%          1    None
 Confusing Touch          Hex            ######       1%          1    None
 Corona                   Hex            ######.      1%          1    None
 Freeze                   Ice            ####         1%          1    None
 Infusion                 Chrm           ####         1%          1    None
 Summon Small Mammal      Summ           ####         1%          1    None
 Call Imp                 Summ           ######..     1%          2    None
 Ensorcelled Hibernation  Hex/Ice        ######       1%          2    None
 Poisonous Vapours        Pois/Air       ######       1%          2    None
 Slow                     Hex            ######..     1%          2    None
 Song of Slaying          Chrm           ######..     1%          2    None
 Sticks to Snakes         Tmut           ######..     1%          2    None
 Swiftness                Chrm/Air       ######..     1%          2    None
 Gell's Gravitas          Tloc           ########..   0%          3    None
 Lesser Beckoning         Tloc           ########..   0%          3    None
 Teleport Other           Tloc           ########     0%          3    None
 Vampiric Draining        Necr           ########..   0%          3    None
 Animate Dead             Necr           N/A          0%          4    None
 Force Lance              Conj/Tloc      ########     0%          4    None
 Bolt of Draining         Conj/Necr      ########..   0%          5    None
 Call Canine Familiar     Summ           ######..     1%          3    None
 Confuse                  Hex            ######..     1%          3    None
 Conjure Flame            Conj/Fire      #######.     1%          3    None
 Dazzling Spray           Conj/Hex       ######       1%          3    None
 Inner Flame              Hex/Fire       ######..     1%          3    None
 Mephitic Cloud           Conj/Pois/Air  #######.     1%          3    None
 Ozocubu's Armour         Chrm/Ice       ######..     1%          3    None
 Portal Projectile        Hex/Tloc       ######       1%          3    None
 Recall                   Summ/Tloc      N/A          1%          3    None
 Spectral Weapon          Hex/Chrm       ######..     1%          3    None
 Spider Form              Tmut/Pois      ######....   1%          3    None
 Static Discharge         Conj/Air       #######.     1%          3    None
 Summon Guardian Golem    Hex/Summ       ######..     1%          3    None
 Tukima's Dance           Hex            ######..     1%          3    None
 Fulminant Prism          Conj/Hex       #######...   1%          4    None
 Leda's Liquefaction      Hex/Erth       ########..   1%          4    None
 Sticky Flame             Conj/Fire      #######.     1%          4    None
 Agony                    Necr           ########     1%          5    None
 Bolt of Magma            Conj/Fire/Erth ########..   1%          5    None
 Dispel Undead            Necr           ########     1%          5    None
 Excruciating Wounds      Chrm/Necr      #######...   1%          5    None
 Fireball                 Conj/Fire      #######...   1%          5    None
 Irradiate                Conj/Tmut      #######...   1%          5    None
 Iskenderun's Battlesphe  Conj/Chrm      #######.     1%          5    None
 Lightning Bolt           Conj/Air       #######...   1%          5    None
 Summon Forest            Summ/Tloc      #######...   1%          5    None
 Venom Bolt               Conj/Pois      #######...   1%          5    None
 Bolt of Cold             Conj/Ice       #######...   1%          6    None
 Bolt of Fire             Conj/Fire      #######...   1%          6    None
 Conjure Ball Lightning   Conj/Air       #######...   1%          6    None
 Death Channel            Necr           ########..   1%          6    None
 Dispersal                Tloc           ########..   1%          6    None
 Poison Arrow             Conj/Pois      #######...   1%          6    None
 Statue Form              Tmut/Erth      ########.    1%          6    None
 Orb of Destruction       Conj           ########..   1%          7    None
 Disjunction              Tloc           ########..   1%          8    None
 Airstrike                Air            ######....   2%          4    None
 Cause Fear               Hex            ######....   2%          4    None
 Ice Form                 Ice/Tmut       ######..     2%          4    None
 Olgreb's Toxic Radiance  Pois           ######..     2%          4    None
 Summon Ice Beast         Ice/Summ       ######..     2%          4    None
 Summon Lightning Spire   Summ/Air       ######..     2%          4    None
 Freezing Cloud           Conj/Ice/Air   #######...   3%          6    None
 Simulacrum               Ice/Necr       #######...   3%          6    None
 Blade Hands              Tmut           ######....   5%          5    None
 Alistair's Intoxication  Tmut/Pois      ######..     6%          5    None
 Yara's Violent Unravell  Hex/Tmut       ######....   6%          5    None
 Spellforged Servitor     Conj/Summ      #######...   6%          7    None
 Metabolic Englaciation   Hex/Ice        ######....   8%          5    None
 Silence                  Hex/Air        ######....   8%          5    None
 Summon Demon             Summ           ######....   8%          5    None
 Summon Mana Viper        Hex/Summ       ######..     8%          5    None
 Borgnjor's Revivificati  Necr           ########..   11%         8    None
 Infestation              Necr           ########..   11%         8    None
 Haunt                    Necr/Summ      #######...   19%         7    None
 Hydra Form               Tmut           ######....   28%         6    None
 Darkness                 Hex            ######....   38%         6    None
 Deflect Missiles         Chrm/Air       ######....   38%         6    None
 Invisibility             Hex            ######..     38%         6    None
 Ozocubu's Refrigeration  Ice            ######....   38%         6    None
 Shadow Creatures         Summ           N/A          38%         6    None
 Chain Lightning          Conj/Air       #######...   43%         8    None
 Necromutation            Tmut/Necr      #######...   75%         8    None
 Death's Door             Chrm/Necr      #######...   80%         8    None
 Dragon Form              Tmut           ######....   85%         7    None
 Monstrous Menagerie      Summ           ######....   93%         7    None
 Ring of Flames           Chrm/Fire      ######....   93%         7    None
 Summon Greater Demon     Summ           ######....   93%         7    None
 Summon Hydra             Summ           ######....   93%         7    None
 Discord                  Hex            ######....   100%        8    None
 Ignition                 Fire           ######....   100%        8    None
 Summon Horrible Things   Summ           ######....   100%        8    None
 Dragon's Call            Summ           ######....   100%        9    None
 Fire Storm               Conj/Fire      #######...   100%        9    None
 Glaciate                 Conj/Ice       #######...   100%        9    None
 Tornado                  Air            ######....   100%        9    None


Dungeon Overview and Level Annotations

Branches:
Dungeon (15/15)            Temple (0/1) D:4            Lair (6/6) D:10
 Shoals (4/4) Lair:3        Snake (4/4) Lair:2        Slime (5/5) Lair:6
    Orc (2/2) D:9             Elf (3/3) Orc:2        Vaults (5/5) D:13
  Crypt (0/3) Vaults:3     Depths (5/5) D:15           Hell (visited)
    Dis (7/7) Hell            Geh (7/7) Hell            Coc (0/7) Hell
    Tar (4/7) Hell            Zot (0/5) Depths:5

Shops:
D:4 =   D:6 !   D:9 (   D:10 %   D:13 }%[   Orc:2 !([}   Elf:3 }   Snake:1 *?
Snake:2 [}   Vaults:3 *![   Vaults:4 [   Depths:1 ==}

Portals:
Hell: Depths:1 Depths:2 Depths:3 Depths:4 Depths:5
Abyss: Depths:4
Pandemonium: Depths:1 Depths:3

Annotations:
D:11 2 transporters, bildradio's ghost, journeyman MiBe
Shoals:3 exclusion: player ghost
Vaults:4 exclusion: player ghost
Depths:5 2 runed translucent doors


Innate Abilities, Weirdness & Mutations

You have an increased reservoir of magic. (+10% MP)
You are partially covered in large bone plates. (SH +4)
Scrolls take you a little longer to read.
You are clumsy. (Dex -2)
Your body sometimes deteriorates upon taking damage.
You are very dopey. (Int -4)
Your flesh is heat resistant. (rF+)
You sometimes yell uncontrollably at your foes.


Message History

You destroy the skeletal warrior! x3
Ka-crash!
You hear a shout!
You hear a bark!
You hear a hideous shriek! x2
The doom hound bites you!!
* * * LOW HITPOINT WARNING * * *
The doom hound claws you!
* * * LOW HITPOINT WARNING * * *
You block the doom hound's attack. The doom hound completely misses you.
The shadow hits you. The doom hound bites you!!
* * * LOW HITPOINT WARNING * * *
You block the doom hound's attack. The doom hound misses you.
The doom hound closely misses you.
Unknown command.
Unknown command.
You feel much better. The doom hound bites you!!
* * * LOW HITPOINT WARNING * * *
The doom hound completely misses you.
The shadow slips into darkness.
The shadow flickers and vanishes for a moment.
The doom hound bites you!!
You die...

# #. #. #.. #.#
###.##h####
.).....@WW#
#..)..h##^.....
#)..... ##...
....... #
....... #......
#...... .......


You could see 2 doom hounds, a freezing wraith and a shadow (invisible).

Vanquished Creatures
  Asmodeus (Geh:7)
  the Royal Jelly (Slime:5)
  2 pandemonium lords (Pan)
  Gloorx Vloq (Pan)
  A seraph (Pan)
  the Serpent of Hell (Dis:7)
  Lom Lobon (Pan)
  Mnoleg (Pan)
  Dispater (Dis:7)
  2 ancient liches
  Mennas (Pan)
  4 juggernauts
  Sojobo (Depths:2)
  The ghost of Bazinnaoc the Fencer, a veteran BaIE of Cheibriados (Depths:1)
  Xtahua (Vaults:5)
  Geryon (Hell)
  5 golden dragons
  A profane servitor (Zig:1)
  11 liches
  8 Tzitzimimeh
  20 Brimstone Fiends
  Rupert (D:13)
  Jorgrun (Orc:1)
  9 iron giants
  The ghost of oberejnoburuli the Orderly, an adept DDFi of Makhleb (Vaults:4)
  7 tentacled monstrosities
  6 Ice Fiends
  Asterion (Orc:2)
  9 Hell Sentinels
  29 acid blobs
  2 deep elf blademasters (Elf:3)
  5 titans
  The ghost of Qatuad the Blocker, an adept GnFi of Nemelex Xobeh (Shoals:3)
  14 tentacled starspawn
  5 deep elf master archers
  18 Executioners (Pan)
  2 ancient champions (Dis:6)
  2 quicksilver dragons (Dis:7)
  6 sphinxes
  Polyphemus (Shoals:2)
  5 storm dragons
  The ghost of Caykkyoloi the Brawler, an adept TrMo of Nemelex Xobeh (Depths:1)
  7 tengu reavers
  A revenant (Vaults:3)
  9 shadow dragons
  Donald (Shoals:2)
  An azure jelly (shapeshifter) (Vaults:5)
  9 nagarajas
  10 frost giants
  Ilsuiw (Shoals:2)
  20 azure jellies
  2 draconian monks
  9 fire giants
  11 daevas (Pan)
  5 blood saints (Pan)
  2 warmongers (Pan)
  3 orc warlords
  4 ghost moths
  32 balrugs
  4 draconian knights
  15 iron dragons
  18 vault wardens
  Louise (D:15)
  4 draconian shifters
  3 draconian scorchers
  20 reapers
  8 deep elf sorcerers
  20 angels
  2 curse skulls (Pan)
  26 cacodemons
  29 ironheart preservers
  14 war gargoyles
  6 deep elf elementalists
  4 draconian stormcallers
  36 stone giants
  19 very ugly things
  A draconian annihilator (Zig:12)
  Nessos (D:13)
  7 green draconians
  8 ophanim (Pan)
  9 corrupters (Pan)
  8 apis (Pan)
  7 entropy weavers
  5 deep elf demonologists
  8 deep elf annihilators
  13 lorocyprocas
  3 black draconians
  9 spark wasps
  8 yellow draconians
  8 purple draconians
  8 red draconians
  2 black suns (Pan)
  16 green deaths (Pan)
  The ghost of KamiKatze the Cleaver, a journeyman HOFi of Qazlal (Lair:3)
  11 merfolk javelineers
  6 white draconians
  22 blizzard demons
  8 deep elf death magi
  2 eidola (Depths:4)
  5 quicksilver dragon zombies
  7 merfolk impalers
  13 ettins
  5 deep elf high priests
  12 death oozes
  11 fire dragons
  15 yaktaur captains
  16 ice dragons
  26 great orbs of eyes
  A quicksilver dragon skeleton (Geh:3)
  3 spriggan air magi
  8 hydras
  17 ogre magi
  5 anacondas
  Harold (D:7)
  10 rakshasas
  7 monstrous demonspawn (Pan)
  2 anacondas (shapeshifter)
  3 catoblepae
  30 vault guards
  20 naga warriors
  2 merfolk avatars (Shoals:2)
  5 satyrs
  2 alligator snapping turtles
  2 merfolk aquamancers (Shoals:4)
  7 centaur warriors
  A queen ant (Lair:6)
  48 two-headed ogres
  43 dancing weapons
  11 death yaks
  3 death knights
  21 deep troll earth magi
  A two-headed ogre (shapeshifter) (Vaults:5)
  A satyr (shapeshifter) (Elf:3)
  2 vampire magi
  A titan zombie (Geh:7)
  Urug (D:13)
  15 naga sharpshooters
  17 hell hogs
  5 spriggan berserkers
  7 tengu warriors
  13 thrashing horrors
  43 soul eaters
  6 shock serpents
  14 deep elf knights
  22 deep troll shamans
  54 sun demons
  5 orc high priests
  2 iron golems
  2 storm dragon zombies (Dis:7)
  Nergalle (Orc:1)
  A fire crab (Lair:6)
  12 sea snakes
  13 shadow wraiths
  3 salamander mystics
  15 wretched stars
  2 titan skeletons
  34 skeletal warriors
  5 storm dragon skeletons
  41 hell knights
  32 sixfirhies
  An anaconda zombie (Dis:7)
  4 golden dragon zombies
  10 iron trolls
  51 deep trolls
  9 torturous demonspawn
  3 death drakes (Depths:4)
  10 glowing orange brains
  2 spectral hydras (Depths:4)
  39 starcursed masses
  2 spatial maelstroms
  A glowing orange brain (shapeshifter) (Vaults:5)
  A sea snake (shapeshifter) (Vaults:5)
  5 unseen horrors
  6 wizards
  2 infernal demonspawn (Pan)
  65 large abominations
  5 naga ritualists
  3 spectral anacondas (Depths:4)
  11 shadow demons
  11 cherubim (Pan)
  10 flayed ghosts
  A tengu zombie (Zig:5)
  15 phantasmal warriors
  3 orange crystal statues
  A wolf spider zombie (Geh:7)
  A harpy (shapeshifter) (Zig:11)
  2 shadow dragon zombies
  14 deep elf archers
  5 gelid demonspawn (Pan)
  17 necromancers
  3 anaconda skeletons
  6 mana vipers
  70 deep elf magi
  9 harpies
  17 ironbrand convokers
  2 iron dragon zombies
  37 ugly things
  10 fauns
  8 orc sorcerers
  8 wolf spiders
  7 orb spiders
  3 fire giant zombies
  9 orc knights
  2 frost giant zombies (Geh:7)
  A stone giant zombie (Geh:3)
  10 shining eyes
  4 worldbinders
  11 salamanders
  3 shadow dragon skeletons
  13 manticores
  A cyclops (shapeshifter) (Depths:3)
  A sphinx skeleton (Zig:5)
  An iron dragon skeleton (Pan)
  10 merfolk sirens
  2 stone giant skeletons
  13 cyclopes
  7 moths of wrath
  2 apocalypse crabs
  3 fire giant skeletons
  33 black mambas
  A water nymph (shapeshifter) (Zig:11)
  26 naga magi
  6 frost giant skeletons
  5 guardian serpents
  38 rust devils
  2 elephants (Lair:6)
  A torpor snail (Lair:6)
  A guardian serpent (shapeshifter) (Vaults:1)
  16 vault sentinels
  4 dire elephant zombies
  Psyche (D:8)
  4 eyes of devastation
  An eye of devastation (shapeshifter) (Vaults:1)
  35 smoke demons
  7 water nymphs
  9 molten gargoyles
  22 orange demons
  5 spectral swamp worms (Depths:5)
  An emperor scorpion zombie (Geh:2)
  8 komodo dragons
  11 spiny frogs
  4 kobold demonologists
  4 rime drakes
  3 spriggan zombies
  4 centaur skeletons
  2 anaconda simulacra
  4 dire elephant skeletons
  A rime drake (shapeshifter) (Depths:1)
  8 ice devils
  53 yaktaurs
  24 hellions
  36 demonic crawlers
  3 catoblepas zombies
  9 efreet
  6 freezing wraiths
  26 tormentors
  6 spectral merfolk (Depths:4)
  8 ancient zymes
  10 hellwings
  8 tengu conjurers
  3 hydra zombies
  2 jumping spiders
  33 merfolk
  7 trolls
  2 queen bees
  A harpy zombie (Geh:7)
  A queen bee (shapeshifter) (Depths:2)
  A yaktaur skeleton (Depths:1)
  5 wind drakes
  42 red devils
  9 hornets
  2 polar bears
  5 meliai (Abyss:5)
  A polar bear (shapeshifter) (Elf:1)
  A blink frog (shapeshifter) (Vaults:4)
  15 blink frogs
  A harpy skeleton (Geh:7)
  2 hydra skeletons
  16 raiju
  2 fire dragon zombies
  An alligator zombie (Hell)
  183 slime creatures
  10 hippogriffs
  Grinder (D:3)
  3 ettin zombies
  A fire giant simulacrum (Depths:1)
  2 dream sheep (Shoals:3)
  8 snapping turtles
  11 small abominations
  33 flying skulls
  2 ettin skeletons
  3 spriggans
  7 shadows
  5 ice dragon skeletons
  A deep troll skeleton (Depths:1)
  2 tarantellas (shapeshifter)
  16 wraiths
  7 wyverns
  A vampire (Depths:4)
  A black mamba skeleton (Geh:7)
  9 redbacks
  13 water elementals
  2 fire bats
  4 tarantellas (Zig:13)
  30 ynoxinuls
  49 yaks
  18 neqoxecs
  18 golden eyes
  3 steam dragons
  16 humans
  14 fire elementals
  9 basilisks
  A hungry ghost (D:11)
  23 chaos spawn
  A minotaur simulacrum (Depths:4)
  Menkaure (D:4)
  A yaktaur simulacrum (Vaults:4)
  9 wargs
  4 vampire mosquitoes
  25 water moccasins
  54 nagas
  A naga (shapeshifter) (Vaults:2)
  3 spatial vortices
  43 hell hounds
  An acid dragon (shapeshifter) (Elf:1)
  2 spiny frog zombies
  3 floating eyes
  13 soldier ants (Lair:6)
  2 spectral spriggans (Depths:4)
  A spectral troll (Depths:4)
  A swamp dragon zombie (Dis:7)
  7 porcupines
  A monstrous demonspawn skeleton (Pan)
  2 spiny frog skeletons
  10 necrophages
  An ice beast (shapeshifter) (Vaults:3)
  An ettin simulacrum (Vaults:2)
  5 ice beasts
  2 phantoms
  3 sky beasts
  An alligator simulacrum (Hell)
  A deep troll simulacrum (Depths:1)
  5 black bears
  15 eyes of draining
  41 orc warriors
  22 wolves
  2 snapping turtle zombies
  A manticore skeleton (Pan)
  61 ogres
  15 boggarts
  A snapping turtle skeleton (Pan)
  A swamp dragon skeleton (Geh:1)
  9 crocodiles
  22 centaurs
  6 big kobolds
  An elf zombie (Geh:7)
  22 bullfrogs
  2 human zombies (Vaults:4)
  5 earth elementals
  A merfolk simulacrum (Depths:4)
  4 scorpions
  2 wyvern skeletons
  2 troll zombies (Dis:7)
  2 spectral ogres (Depths:4)
  51 killer bees
  A troll skeleton (Geh:7)
  43 wights
  A spectral centaur (Depths:4)
  20 crimson imps
  4 howler monkeys
  2 bullfrog zombies
  7 quasits
  3 lava snakes (Lair:5)
  A human simulacrum (Vaults:2)
  12 orc priests
  5 hounds
  9 jellies
  13 iron imps
  2 bullfrog skeletons
  3 iguanas
  A troll simulacrum (Depths:4)
  A spriggan simulacrum (Depths:4)
  21 worker ants
  A hell rat (Lair:3)
  29 orc wizards
  2 human skeletons (Pan)
  5 mummies
  A hound zombie (D:5)
  A hound skeleton (D:5)
  2 worker ant zombies
  8 gnolls
  3 naga simulacra (Depths:4)
  15 adders
  A river rat (Lair:3)
  2 shadow imps
  3 white imps
  2 ufetubi (Abyss:3)
  4 oozes
  3 adder zombies
  3 adder skeletons
  6 worms
  3 leopard geckos
  63 orcs
  3 ball pythons
  7 bats
  6 giant cockroaches
  10 goblins
  11 hobgoblins
  8 jackals
  A jackal (shapeshifter) (Elf:3)
  A quokka (shapeshifter) (Elf:1)
  6 quokkas
  A ball python skeleton (D:6)
  3 frilled lizards
  A giant cockroach zombie (D:5)
  25 kobolds
  An orc skeleton (Geh:7)
  A quokka skeleton (D:6)
  2 quokka zombies
  5 rats
  2 demonic plants (Pan)
  A fire vortex (Geh:7)
  A fungus (Lair:6)
  A lurking horror (Abyss:5)
  69 plants
  7 starspawn tentacles
4119 creatures vanquished.

Vanquished Creatures (collateral kills)
  A pandemonium lord (Pan)
  The ghost of Orghowopp the Slayer, a legendary FoAM of Okawaru (Depths:1)
  An Executioner (Pan)
  A tengu reaver (Depths:2)
  An ophan (Pan)
  A stone giant (Depths:2)
  An apis (Pan)
  The ghost of Weugil the Slicer, a journeyman HaBe of Trog (Lair:2)
  A great orb of eyes (Slime:2)
  A deep troll earth mage (Depths:1)
  An iron troll (Depths:1)
  A deep elf archer (Vaults:3)
  4 hell knights (Depths:2)
  A glowing orange brain (Depths:4)
  2 shining eyes (Slime:2)
  A naga mage (Snake:2)
  2 black mambas
  A freezing wraith (Vaults:4)
  A hornet (Depths:4)
  7 slime creatures (Slime:2)
  A spriggan (Depths:4)
  An orc warrior (D:9)
33 creatures vanquished.

Vanquished Creatures (others)
  Cerebov (Pan)
  10 eldritch tentacles
  A hell hog (Geh:1)
  A necromancer (Geh:2)
  A shadow dragon skeleton (Geh:7)
  A stone giant zombie (Geh:7)
  A deep elf mage (Elf:1)
  A wolf spider zombie (Geh:7)
  2 hellions (Geh:7)
  2 slime creatures (Slime:2)
  A shadow (Geh:2)
  A ynoxinul (Abyss:2)
  A chaos spawn (Abyss:4)
  An insubstantial wisp (Abyss:3)
  A killer bee (Abyss:5)
  5 wights (Geh:2)
  3 ball lightnings (Pan)
  A kobold (Abyss:3)
  An orc skeleton (Geh:7)
  A demonic plant (Pan)
  11 fungi
  A lurking horror (Abyss:3)
  26 plants
  39 starspawn tentacles
114 creatures vanquished.

Grand Total: 4266 creatures vanquished

Notes
Turn   | Place    | Note
-------+----------+-------------------------------------------
     0 | D:1      | Johnny the Demigod Earth Elementalist began the quest for
                  | the Orb.
     0 | D:1      | Reached XP level 1. HP: 14/14 MP: 5/5
   480 | D:1      | Reached skill level 2 in Spellcasting
   543 | D:1      | Reached XP level 2. HP: 9/20 MP: 4/7
  1304 | D:2      | Reached XP level 3. HP: 26/26 MP: 7/9
  1409 | D:2      | Found a white marble altar of Elyvilon.
  1947 | D:2      | Reached XP level 4. HP: 9/33 MP: 7/10
  2523 | D:3      | Noticed Grinder
  2524 | D:3      | Paralysed by Grinder for 3 turns
  2556 | D:3      | Gained mutation: You are partially covered in large bone
                  | plates. (SH +4) [potion of mutation]
  2556 | D:3      | Gained mutation: Your mind is acute. (Int +2) [potion of
                  | mutation]
  2556 | D:3      | Gained mutation: Your flesh is heat resistant. (rF+)
                  | [potion of mutation]
  2560 | D:3      | Paralysed by Grinder for 3 turns
  2569 | D:3      | Killed Grinder
  2569 | D:3      | Reached skill level 3 in Spellcasting
  2569 | D:3      | Reached skill level 5 in Earth Magic
  2569 | D:3      | Reached XP level 5. HP: 23/38 MP: 8/12
  3164 | D:3      | Reached XP level 6. HP: 34/45 MP: 10/14
  3444 | D:4      | Noticed Eustachio
  3446 | D:4      | Noticed Eustachio
  3446 | D:4      | Eustachio changed into Eustachio the porcupine
  3446 | D:4      | Noticed Menkaure
  3499 | D:4      | Noticed Ijyb
  3500 | D:4      | Noticed Ijyb
  3500 | D:4      | Ijyb changed into Ijyb the gnoll
  3508 | D:4      | Killed Ijyb the gnoll
  3571 | D:4      | Found a staircase to the Ecumenical Temple.
  3788 | D:4      | Killed Menkaure
  3788 | D:4      | Reached skill level 4 in Spellcasting
  3823 | D:4      | Found Fatec's Jewellery Emporium.
  3871 | D:4      | Killed Eustachio the porcupine
  3871 | D:4      | Reached XP level 7. HP: 50/50 MP: 13/16
  4116 | D:5      | Entered Level 5 of the Dungeon
  4116 | D:5      | Found a shadowy altar of Dithmenos.
  4236 | D:5      | Found an opulent altar of Gozag.
  4737 | D:5      | Got a transparent leather armour
  4748 | D:5      | Identified the +2 leather armour of Narcissism {rElec
                  | rPois} (You found it on level 5 of the Dungeon)
  5261 | D:6      | Found a hazy altar of Hepliaklqana.
  5264 | D:6      | Found a radiant altar of Vehumet.
  5355 | D:6      | Found Cour's Distillery.
  5362 | D:6      | Reached skill level 5 in Spellcasting
  5362 | D:6      | Reached XP level 8. HP: 41/57 MP: 16/19
  5421 | D:6      | Bought a potion of flight for 39 gold pieces
  5421 | D:6      | Bought a potion of curing for 39 gold pieces
  6092 | D:7      | Noticed Harold
  6104 | D:7      | Killed Harold
  6104 | D:7      | Reached skill level 6 in Spellcasting
  6200 | D:7      | Learned a level 3 spell: Stone Arrow
  6206 | D:7      | Learned a level 5 spell: Lee's Rapid Deconstruction
  6211 | D:7      | Learned a level 4 spell: Petrify
  6241 | D:7      | Reached XP level 9. HP: 49/62 MP: 18/22
  6732 | D:8      | Reached skill level 10 in Earth Magic
  7493 | D:8      | Noticed Psyche
  7500 | D:8      | Killed Psyche
  7500 | D:8      | Reached skill level 7 in Spellcasting
  8290 | D:8      | Noticed a two-headed ogre
  8299 | D:8      | Killed a two-headed ogre
  8299 | D:8      | Reached XP level 10. HP: 69/69 MP: 8/25
  8654 | D:9      | Found Atweor's Weapon Shoppe.
  9696 | D:9      | Found a staircase to the Orcish Mines.
 10307 | D:10     | Entered Level 10 of the Dungeon
 10523 | D:10     | Reached skill level 8 in Spellcasting
 10652 | D:10     | Found a staircase to the Lair.
 10765 | D:10     | Found Akhledus's Food Shoppe.
 10881 | D:10     | Got a warped robe
 10892 | D:10     | Identified the cursed +0 robe of Perfidy {rElec Int+3} (You
                  | found it on level 10 of the Dungeon)
 11480 | D:11     | Found a hazy altar of Hepliaklqana.
 11540 | D:11     | Noticed a brown ugly thing
 11552 | D:11     | Noticed a centaur warrior
 11553 | D:11     | Noticed a cyclops
 11553 | D:11     | Noticed a tengu warrior
 11668 | D:11     | Noticed a cyclops
 11693 | D:11     | Killed a cyclops
 11693 | D:11     | Reached XP level 11. HP: 29/74 MP: 16/27
 11709 | D:11     | Killed a tengu warrior
 11709 | D:11     | Reached skill level 5 in Dodging
 11722 | D:11     | Found a transporter.
 11728 | D:11     | Found a bloodstained altar of Trog.
 11728 | D:11     | Found a transporter.
 11734 | D:11     | Noticed a two-headed ogre
 11735 | D:11     | Noticed bildradio's ghost (journeyman MiBe)
 11934 | D:11     | Noticed a two-headed ogre
 11943 | D:11     | Identified the cursed +1 trident of Gallantry {vamp,
                  | Fragile Dex+5}
 11943 | D:11     | Noticed a tengu warrior
 11979 | D:11     | Identified the cursed +6 giant spiked club "Giantbane"
                  | {vamp, -Tele rC+ Dex+6}
 11979 | D:11     | Noticed a two-headed ogre
 12311 | D:11     | Killed a centaur warrior
 12348 | D:11     | Reached skill level 9 in Spellcasting
 12752 | D:11     | Identified a +1 pair of boots of running (You found it on
                  | level 11 of the Dungeon)
 12840 | D:11     | Noticed an unseen horror
 12847 | D:11     | Killed an unseen horror
 13693 | D:4      | Bought a +5 ring of intelligence for 412 gold pieces
 13831 | Orc:1    | Entered Level 1 of the Orcish Mines
 13833 | Orc:1    | Noticed a stone giant
 13838 | Orc:1    | Noticed an orc knight
 14455 | D:12     | Reached XP level 12. HP: 81/81 MP: 19/30
 15171 | D:13     | Found a gate to the Vaults.
 15171 | D:13     | Noticed Urug
 15171 | D:13     | Noticed Nessos
 15171 | D:13     | Noticed Rupert
 15430 | Lair:1   | Entered Level 1 of the Lair of Beasts
 15678 | Lair:1   | Reached skill level 10 in Spellcasting
 16247 | Lair:2   | Noticed a five-headed hydra
 16256 | Lair:2   | Killed a five-headed hydra
 16351 | Lair:2   | Got a heavily runed scale mail
 16415 | Lair:2   | Identified the +1 scale mail of the Hills {Int+5} (You
                  | found it on level 2 of the Lair of Beasts)
 16461 | Lair:2   | Found a staircase to the Snake Pit.
 16847 | Lair:2   | Found a transporter.
 16904 | Lair:2   | Noticed Weugil's ghost (journeyman HaBe)
 16930 | Lair:2   | Found a transporter.
 16950 | Lair:2   | Reached skill level 15 in Earth Magic
 17027 | Lair:2   | Noticed a seven-headed hydra
 17029 | Lair:2   | Killed a seven-headed hydra
 17534 | Lair:2   | Killed Weugil's ghost
 17538 | Lair:2   | Got a shimmering platinum amulet
 17545 | Lair:2   | Identified the amulet "Janid" {RegenMP rPois Int+2} (You
                  | found it on level 2 of the Lair of Beasts)
 17684 | Lair:3   | HP: 4/81 [black mamba (4)]
 18009 | Lair:3   | Reached XP level 13. HP: 84/86 MP: 30/32
 18177 | Lair:3   | Found a hazy altar of Hepliaklqana.
 18632 | Lair:3   | Identified the Catalogue of Conjuration and Enchantment
 18754 | Lair:3   | Found a runed translucent door.
 18755 | Lair:3   | Noticed KamiKatze's ghost (journeyman HOFi)
 18842 | Lair:3   | Found a staircase to the Shoals.
 19314 | Lair:3   | Killed KamiKatze's ghost
 19396 | Lair:4   | Reached skill level 11 in Spellcasting
 20380 | Lair:5   | Found a shimmering altar of Xom.
 20862 | Lair:6   | Entered Level 6 of the Lair of Beasts
 21190 | Lair:6   | Learned a level 6 spell: Iron Shot
 21237 | Lair:6   | Found a staircase to the Slime Pits.
 21642 | Lair:6   | Reached skill level 10 in Dodging
 21835 | Lair:6   | Reached XP level 14. HP: 93/93 MP: 15/34
 22660 | Lair:6   | Got a bone falchion
 22666 | Lair:6   | Got a slimy scale mail
 22935 | Orc:1    | Noticed Nergalle
 22938 | Orc:1    | Killed Nergalle
 23297 | Orc:2    | Entered Level 2 of the Orcish Mines
 23297 | Orc:2    | Found a staircase to the Elven Halls.
 23594 | Orc:2    | Reached skill level 12 in Spellcasting
 23970 | Orc:1    | Noticed Jorgrun
 24482 | Orc:2    | Found Vemuikh's Distillery.
 24483 | Orc:2    | Found Qivob's Antique Weapon Shop.
 24483 | Orc:2    | Found Eminkuu's Gadget Shoppe.
 24483 | Orc:2    | Found Wimato Gith's Antique Armour Shop.
 24492 | Orc:2    | Bought a potion of curing for 45 gold pieces
 24492 | Orc:2    | Bought a potion of curing for 45 gold pieces
 24492 | Orc:2    | Bought a potion of heal wounds for 75 gold pieces
 24492 | Orc:2    | Bought a potion of ambrosia for 120 gold pieces
 24492 | Orc:2    | Bought a potion of brilliance for 60 gold pieces
 24492 | Orc:2    | Bought 2 potions of brilliance for 120 gold pieces
 24492 | Orc:2    | Bought a potion of resistance for 150 gold pieces
 24497 | Orc:2    | Bought a shimmering robe for 153 gold pieces
 24508 | Orc:2    | Identified the +1 scale mail of the Stars {rF- MP+9 SInv
                  | Stlth+} (You found it on level 6 of the Lair of Beasts)
 24629 | Orc:2    | Identified the +2 robe of Fusun {rF- Dex+5} (You bought it
                  | in a shop on level 2 of the Orcish Mines)
 24640 | Orc:2    | Identified the +1 falchion "Qaemohykk" {flame, +Fly MR+
                  | Dex+3} (You found it on level 6 of the Lair of Beasts)
 25007 | Orc:1    | Killed Jorgrun
 25264 | Elf:1    | Entered Level 1 of the Elven Halls
 25264 | Elf:1    | Noticed Asterion
 25449 | D:13     | Killed Rupert
 25473 | D:13     | Reached XP level 15. HP: 72/99 MP: 0/36
 25823 | D:13     | Killed Urug
 25862 | D:13     | Killed Nessos
 25867 | D:13     | Found Duischia's Antique Armour Emporium.
 25876 | D:13     | Bought a helmet for 126 gold pieces
 25925 | D:13     | Found Paomaif's Food Emporium.
 25962 | D:13     | Found Tytaosoq's Gadget Shoppe.
 26484 | D:14     | Found an ornate altar of the Wu Jian Council.
 27421 | D:15     | Entered Level 15 of the Dungeon
 27503 | D:15     | Noticed Louise
 27578 | D:15     | Killed Louise
 28255 | D:15     | Found a staircase to the Depths.
 28848 | Orc:2    | Killed Asterion
 29137 | Elf:1    | Reached skill level 13 in Spellcasting
 29146 | Elf:1    | Identified the Catalogue of Summoning
 29204 | Elf:1    | Found a shimmering blue altar of Sif Muna.
 29912 | Elf:1    | Learned a level 3 spell: Regeneration
 30120 | Elf:2    | Reached XP level 16. HP: 105/105 MP: 38/38
 30289 | Elf:2    | Found a runed translucent gate.
 30289 | Elf:2    | Found a runed translucent gate.
 30289 | Elf:2    | Found a runed translucent gate.
 31657 | Elf:3    | Entered Level 3 of the Elven Halls
 31657 | Elf:3    | Found the +18 shield of the Gong {rElec rN+ MR+ EV-5}
 31734 | Elf:3    | Identified Dateramm's Collected Works on Boosting Earth
 31747 | Elf:3    | Learned a level 8 spell: Controlled Blink
 31813 | Elf:3    | Got a crude glass ring
 31814 | Elf:3    | Identified the ring "Igrall" {+Blink rElec AC+1 Dex-4} (You
                  | found it on level 3 of the Elven Halls)
 31835 | Elf:3    | Got a distressingly furry robe
 31837 | Elf:3    | Got a transparent mace
 31859 | Elf:3    | Identified the cursed +1 mace of Pain and Death {crush,
                  | rPois rF- Dex+4} (You found it on level 3 of the Elven
                  | Halls)
 31868 | Elf:3    | Learned a level 2 spell: Blink
 31875 | Elf:3    | Learned a level 6 spell: Statue Form
 31900 | Elf:3    | Learned a level 9 spell: Shatter
 31925 | Elf:3    | Noticed a deep elf master archer
 31925 | Elf:3    | Cast into level 2 of the Abyss (a deep elf demonologist)
 31927 | Abyss:2  | Found a stormy altar of Qazlal.
 31953 | Elf:3    | Escaped the Abyss
 31953 | Elf:3    | Noticed a deep elf blademaster
 31954 | Elf:3    | Noticed a Tzitzimitl
 31954 | Elf:3    | Killed a deep elf master archer
 31955 | Elf:3    | Killed a deep elf blademaster
 31956 | Elf:3    | Reached skill level 14 in Spellcasting
 31956 | Elf:3    | Noticed a deep elf master archer
 31957 | Elf:3    | Noticed a deep elf blademaster
 31961 | Elf:3    | HP: 5/105 [deep elf annihilator/bolt of lightning (38)]
 31962 | Elf:3    | Killed a deep elf master archer
 31963 | Elf:3    | Killed a deep elf blademaster
 31963 | Elf:3    | Reached XP level 17. HP: 6/111 MP: 11/40
 32162 | Elf:3    | Found a sparkling altar of Nemelex Xobeh.
 32587 | Elf:3    | Found Qoruobb's Gadget Shop.
 32758 | Elf:3    | HP: 4/111 [+7 short sword of venom (6)]
 32979 | Elf:3    | Identified the Catalogue of Spatial Hexes
 33239 | Elf:3    | Got a scorched halberd
 33358 | Elf:3    | Identified the +1 robe of Eraem {rN+ Str+2 Dex+3 Stlth+}
                  | (You found it on level 3 of the Elven Halls)
 33365 | Elf:3    | Got a translucent scale mail
 33371 | Elf:3    | Identified the +5 scale mail "Josh" {rPois} (You found it
                  | on level 3 of the Elven Halls)
 33613 | Snake:1  | Entered Level 1 of the Snake Pit
 33769 | Snake:1  | Found Raeciret's Magic Scroll Boutique.
 33807 | Snake:1  | Bought a scroll of identify for 32 gold pieces
 33807 | Snake:1  | Bought a scroll of identify for 32 gold pieces
 33807 | Snake:1  | Bought a scroll of teleportation for 48 gold pieces
 33807 | Snake:1  | Bought a scroll of identify for 32 gold pieces
 33807 | Snake:1  | Bought a scroll of identify for 32 gold pieces
 33807 | Snake:1  | Found Emuxasumm's Assorted Antiques.
 33811 | Snake:1  | Identified the cursed +1 halberd of Verioveoli {holy, rN+
                  | Str-2 Stlth+} (You found it on level 3 of the Elven Halls)
 33813 | Snake:1  | Identified a scroll of acquirement
 33822 | Snake:1  | Got an encrusted plate armour
 33828 | Snake:1  | Bought a shiny helmet for 262 gold pieces
 33828 | Snake:1  | Bought a potion of ambrosia for 280 gold pieces
 33828 | Snake:1  | Bought a scroll of identify for 70 gold pieces
 33828 | Snake:1  | Bought a potion of agility for 140 gold pieces
 33833 | Snake:1  | Identified the +1 plate armour of the Vanishing Stars
                  | {Str+4 Int+6} (You acquired it on level 1 of the Snake Pit)
 34534 | Snake:2  | Found Pacixkem's Antique Armour Shop.
 34967 | Snake:2  | Found Feqics's Gadget Shoppe.
 35038 | Snake:2  | Reached XP level 18. HP: 117/117 MP: 42/42
 35039 | Snake:2  | Reached XP level 19. HP: 123/123 MP: 43/43
 35056 | Snake:2  | Found Seufymij's Distillery.
 35081 | Snake:2  | Bought a potion of mutation for 88 gold pieces
 35081 | Snake:2  | Bought a potion of mutation for 88 gold pieces
 35081 | Snake:2  | Bought a potion of haste for 110 gold pieces
 35081 | Snake:2  | Bought a potion of flight for 33 gold pieces
 35081 | Snake:2  | Bought a potion of might for 44 gold pieces
 35081 | Snake:2  | Bought a potion of flight for 33 gold pieces
 35083 | Snake:2  | Bought a potion of berserk rage for 55 gold pieces
 35083 | Snake:2  | Bought a potion of lignification for 33 gold pieces
 36106 | Snake:4  | Entered Level 4 of the Snake Pit
 36674 | Snake:4  | Reached XP level 20. HP: 108/129 MP: 0/44
 37318 | Snake:4  | Reached skill level 1 in Fighting
 37318 | Snake:4  | Reached skill level 1 in Armour
 37352 | Snake:4  | Got a serpentine rune of Zot
 37757 | Snake:2  | Bought a bloodstained chain mail for 237 gold pieces
 37758 | Snake:2  | Identified the +10 chain mail of Upungant {*Drain Int+8}
                  | (You bought it in a shop on level 2 of the Snake Pit)
 37858 | Shoals:1 | Entered Level 1 of the Shoals
 38485 | Shoals:2 | Noticed Donald
 38488 | Shoals:2 | Killed Donald
 38502 | Shoals:2 | Noticed Polyphemus
 38586 | Shoals:2 | Killed Polyphemus
 38586 | Shoals:2 | Reached skill level 1 in Translocations
 39016 | Shoals:2 | Noticed Ilsuiw
 39018 | Shoals:2 | Identified the ring "Wuckety" {+Fly AC+4 Int+3}
 39024 | Shoals:2 | Killed Ilsuiw
 40301 | Shoals:3 | Found a large runed translucent door.
 40301 | Shoals:3 | Found a large runed translucent door.
 40303 | Shoals:3 | Noticed Qatuad's ghost (adept GnFi)
 40316 | Shoals:3 | Killed Qatuad's ghost
 40340 | Shoals:3 | Got a heavily runed chain mail
 40341 | Shoals:3 | Identified the +8 chain mail of Lomyulawn {rC- Dex+5} (You
                  | found it on level 3 of the Shoals)
 40416 | Shoals:4 | Entered Level 4 of the Shoals
 40879 | Shoals:4 | Got a barnacled rune of Zot
 41749 | Vaults:1 | Entered Level 1 of the Vaults
 41992 | Vaults:1 | Reached skill level 5 in Translocations
 42343 | Vaults:1 | Reached skill level 15 in Spellcasting
 42739 | Vaults:1 | Reached XP level 21. HP: 136/150 MP: 33/46
 42749 | Vaults:1 | Reached skill level 5 in Fighting
 43212 | Vaults:1 | You fall into a shaft and drop 1 floor!
 44953 | Vaults:3 | Found a staircase to the Crypt.
 45254 | Vaults:3 | Found Gusahani's Antique Armour Emporium.
 45262 | Vaults:3 | Bought a runed scarf for 304 gold pieces
 45262 | Vaults:3 | Bought a warped ring mail for 342 gold pieces
 45275 | Vaults:3 | Identified the +3 ring mail of Leaves {+Fly Regen+ Str+2
                  | Int-2} (You bought it in a shop on level 3 of the Vaults)
 45533 | Vaults:3 | Identified the cursed +1 falchion "Pebucuh" {antimagic,
                  | rPois rC- rN+}
 45550 | Vaults:3 | Identified the +3 halberd "Gynar" {vamp, rF+ Stlth+}
 45571 | Vaults:3 | Found Nuyst's Distillery.
 45572 | Vaults:3 | Found Kokom's Assorted Antiques.
 45574 | Vaults:3 | Found Hihiss's Food Boutique.
 46485 | Vaults:3 | Bought a potion of resistance for 140 gold pieces
 46485 | Vaults:3 | Bought a potion of flight for 42 gold pieces
 46485 | Vaults:3 | Bought a potion of heal wounds for 70 gold pieces
 46485 | Vaults:3 | Bought a potion of curing for 42 gold pieces
 46485 | Vaults:3 | Bought a potion of flight for 42 gold pieces
 46485 | Vaults:3 | Bought a potion of brilliance for 56 gold pieces
 46485 | Vaults:3 | Bought 2 potions of curing for 84 gold pieces
 46485 | Vaults:3 | Bought a potion of curing for 42 gold pieces
 46495 | Vaults:3 | Bought a potion of magic for 184 gold pieces
 46495 | Vaults:3 | Bought a scroll of identify for 46 gold pieces
 46495 | Vaults:3 | Bought a scroll of identify for 46 gold pieces
 46495 | Vaults:3 | Bought a scroll of identify for 46 gold pieces
 46820 | Vaults:4 | Found Moinamog's Antique Armour Boutique.
 46918 | Vaults:4 | Reached skill level 10 in Translocations
 47006 | Vaults:4 | Reached XP level 22. HP: 136/166 MP: 34/47
 47341 | Vaults:4 | Found a radiant altar of Vehumet.
 47355 | Vaults:4 | Got a faintly humming hat
 47356 | Vaults:4 | Identified the +1 hat "Nejil" {rN+ MR+ rCorr Int+3} (You
                  | found it on level 4 of the Vaults)
 47913 | Vaults:4 | Found a runed translucent gate.
 47913 | Vaults:4 | Found a runed translucent gate.
 47913 | Vaults:4 | Found a runed translucent gate.
 47913 | Vaults:4 | Noticed oberejnoburuli's ghost (adept DDFi)
 47953 | Vaults:4 | Killed oberejnoburuli's ghost
 48672 | Vaults:5 | Entered Level 5 of the Vaults
 48673 | Vaults:5 | Reached skill level 16 in Spellcasting
 49138 | Vaults:4 | Upgraded the game from 0.24.0-2-g5b39cebb1c to
                  | 0.24.0-3-g28a8eb0610
 49248 | Vaults:5 | Identified the +2 demon blade "Uhuar" {drain, rF- rC+ rN+
                  | SInv}
 49342 | Vaults:5 | Reached skill level 10 in Fighting
 49444 | Vaults:5 | Reached XP level 23. HP: 160/181 MP: 14/49
 49509 | Vaults:5 | Noticed an ancient lich
 49510 | Vaults:5 | Identified the +3 chain mail of Galaalik {Str+3}
 49585 | Vaults:5 | Killed an ancient lich
 50101 | Vaults:5 | Identified the +7 war axe "Qiupaupegh" {chop, Int+2}
 50356 | Vaults:5 | Noticed Xtahua
 50366 | Vaults:5 | Killed Xtahua
 50494 | Vaults:5 | Got a pair of ancient gloves
 50506 | Vaults:5 | Identified the +1 pair of gloves "Jycy" {rF- Dex+5 Slay+3}
                  | (You acquired it on level 5 of the Vaults)
 50519 | Vaults:5 | Got a sparkling marble ring
 50521 | Vaults:5 | Identified the ring of Lepegon {rElec rF++ rC- MR+ Int+3}
                  | (You found it on level 5 of the Vaults)
 50817 | Vaults:5 | Identified the Papyrus of the Feathery Arsonist
 50941 | Vaults:5 | Got a crystal trident
 51104 | Vaults:5 | Got a silver rune of Zot
 51111 | Vaults:5 | Identified the +2 trident "Killer Bee's Regret" {pierce,
                  | Dex+4} (You found it on level 5 of the Vaults)
 51232 | Vaults:5 | Got a bloodstained spear
 51264 | Vaults:5 | Identified the +7 spear "Rummage" {protect, *Drain rF+
                  | Int+3} (You found it on level 5 of the Vaults)
 51268 | Vaults:5 | Got a tiger eye-encrusted plate armour
 51280 | Vaults:5 | Identified the cursed +0 plate armour of Yniupexerph
                  | {+Blink rC+ MP+9 Str+2} (You found it on level 5 of the
                  | Vaults)
 51370 | Vaults:4 | Bought a pair of faintly humming boots for 399 gold pieces
 51382 | Vaults:4 | Identified the +0 pair of boots of a sewer {-Tele +Fly rF+
                  | Str+3} (You bought it in a shop on level 4 of the Vaults)
 51566 | Depths:1 | Entered Level 1 of the Depths
 51571 | Depths:1 | Reached skill level 17 in Spellcasting
 51694 | Depths:1 | Reached skill level 15 in Translocations
 52027 | Depths:1 | Found a gateway to Hell.
 52040 | Depths:1 | Found a one-way gate leading to the halls of Pandemonium.
 52412 | Depths:1 | Found a runed translucent door.
 52630 | Depths:1 | Learned a level 7 spell: Malign Gateway
 52635 | Depths:1 | Learned a level 4 spell: Passage of Golubria
 52729 | Depths:1 | Found Qahua's Gadget Shop.
 52729 | Depths:1 | Found Zuejauni's Jewellery Shoppe.
 52730 | Depths:1 | Found Sawk's Jewellery Shoppe.
 52854 | Depths:1 | Noticed Orghowopp's ghost (legendary FoAM)
 52886 | Depths:1 | Killed Orghowopp's ghost
 52920 | Depths:1 | Found a runed translucent door.
 52920 | Depths:1 | Noticed Caykkyoloi's ghost (adept TrMo)
 52977 | Depths:1 | Killed Caykkyoloi's ghost
 53034 | Depths:1 | Found a runed translucent door.
 53040 | Depths:1 | Noticed Bazinnaoc's ghost (veteran BaIE)
 53051 | Depths:1 | Killed Bazinnaoc's ghost
 53367 | Depths:2 | Reached XP level 24. HP: 134/200 MP: 26/50
 53561 | Depths:2 | Noticed Sojobo
 53583 | Depths:2 | Killed Sojobo
 54892 | Depths:3 | Noticed a juggernaut
 54910 | Depths:3 | Killed a juggernaut
 55605 | Depths:3 | Reached skill level 18 in Spellcasting
 56193 | Depths:4 | Reached skill level 15 in Fighting
 56599 | Depths:5 | Entered Level 5 of the Depths
 56668 | Depths:5 | Identified the ring "Wunorph" {+Fly MR+ Int+8 SInv Stlth-}
 57111 | Depths:5 | Learned a level 5 spell: Borgnjor's Vile Clutch
 57458 | Depths:4 | Reached XP level 25. HP: 214/214 MP: 21/51
 57983 | Depths:4 | Found a one-way gate to the infinite horrors of the Abyss.
 57993 | Depths:4 | Reached skill level 5 in Armour
 57993 | Depths:4 | Reached XP level 26. HP: 223/223 MP: 28/52
 58356 | Depths:4 | Found a gateway to a ziggurat.
 59082 | Slime:1  | Entered Level 1 of the Pits of Slime
 59780 | Slime:2  | Lost mutation: Your mind is acute. (Int +2) [a shining eye]
 59805 | Slime:2  | Reached XP level 27. HP: 130/231 MP: 5/52
 59995 | Slime:1  | Gained mutation: You are dopey. (Int -2) [a shining eye]
 59996 | Slime:1  | Gained mutation: You are clumsy. (Dex -2) [a shining eye]
 61893 | Slime:4  | Reached skill level 19 in Spellcasting
 62346 | Slime:5  | Entered Level 5 of the Pits of Slime
 62364 | Slime:5  | Noticed the Royal Jelly
 63177 | Slime:5  | Reached skill level 15 in Dodging
 63309 | Slime:5  | Gained mutation: You are very dopey. (Int -4) [a shining
                  | eye]
 63445 | Slime:5  | Found a viscous altar of Jiyva.
 63502 | Slime:5  | Got a slimy rune of Zot
 63522 | Slime:5  | Got a heavily runed ring mail
 63524 | Slime:5  | Identified the cursed +0 ring mail of Baldness {rC- MR+++
                  | Slay+2} (You found it on level 5 of the Pits of Slime)
 63573 | Slime:5  | Got a distressingly furry plate armour
 63574 | Slime:5  | Identified the +5 plate armour of Follow the Leader {rElec
                  | rN+ Regen+} (You found it on level 5 of the Pits of Slime)
 63789 | Slime:5  | Killed the Royal Jelly
 64367 | Slime:5  | Identified Sif Muna's Guide on Glacial Calling
 64777 | Vaults:3 | Bought a runed robe for 140 gold pieces
 64845 | Vaults:4 | Bought an embroidered robe for 155 gold pieces
 65211 | Zig:1    | Entered Level 1 of a ziggurat
 65217 | Zig:1    | Reached skill level 1 in Conjurations
 65257 | Zig:2    | Entered Level 2 of a ziggurat
 65338 | Zig:3    | Entered Level 3 of a ziggurat
 65371 | Zig:4    | Entered Level 4 of a ziggurat
 65385 | Zig:4    | Identified the Tome of Helpful Ignition
 65416 | Zig:5    | Entered Level 5 of a ziggurat
 65442 | Zig:5    | Got a sparkling amber ring
 65446 | Zig:5    | Got a crude mace
 65456 | Zig:5    | Got a scorched spear
 65459 | Zig:5    | Identified the ring of Fedhas's Fury {+Fly Dex+3} (You
                  | found it on level 5 of a ziggurat)
 65487 | Zig:5    | Learned a level 1 spell: Summon Butterflies
 65490 | Zig:5    | Learned a level 2 spell: Shroud of Golubria
 65491 | Zig:6    | Entered Level 6 of a ziggurat
 65496 | Zig:6    | Noticed a juggernaut
 65498 | Zig:6    | Killed a juggernaut
 65532 | Zig:6    | Got a spiked chain mail
 65538 | Zig:6    | Identified the cursed +1 chain mail of Zaashot {+Fly rElec}
                  | (You found it on level 6 of a ziggurat)
 65539 | Zig:6    | Identified the cursed +1 mace of Melee {vamp, *Rage rElec
                  | MR+++ SInv} (You found it on level 5 of a ziggurat)
 65561 | Zig:7    | Entered Level 7 of a ziggurat
 65582 | Zig:7    | Got a glittering glass ring
 65614 | Zig:8    | Entered Level 8 of a ziggurat
 65622 | Zig:8    | Noticed a juggernaut
 65622 | Zig:8    | Noticed a juggernaut
 65625 | Zig:8    | Killed a juggernaut
 65626 | Zig:8    | Killed a juggernaut
 65650 | Zig:8    | Identified the ring of Poekhlas {rN+ MR+ Int+4 Dex+4} (You
                  | found it on level 7 of a ziggurat)
 65674 | Zig:9    | Entered Level 9 of a ziggurat
 65730 | Zig:9    | Got a flickering bronze ring
 65745 | Zig:10   | Entered Level 10 of a ziggurat
 65822 | Zig:10   | Found the -2 hat of the Alchemist {rElec rPois rF+ rC+ rN+
                  | MR+ rMut rCorr}
 65845 | Zig:10   | Identified the ring of Eseus {rPois rF++ Str+4 Dex-2} (You
                  | found it on level 9 of a ziggurat)
 65872 | Zig:10   | Got an ichor-stained short sword
 65874 | Zig:10   | Got a warped marble ring
 65880 | Zig:10   | Identified the ring of Xuwed {Wiz SInv} (You found it on
                  | level 10 of a ziggurat)
 65891 | Zig:11   | Entered Level 11 of a ziggurat
 65909 | Zig:11   | Reached skill level 10 in Armour
 65936 | Zig:11   | Identified the +6 spear of Quick Death {pierce, +Blink rN+
                  | Str-4 Dex+4} (You found it on level 5 of a ziggurat)
 65937 | Zig:11   | Identified the +1 short sword "Kecveeg" {pain, +Blink
                  | rPois} (You found it on level 10 of a ziggurat)
 65954 | Zig:11   | Got an ancient morningstar
 65957 | Zig:11   | Identified the +11 morningstar of Defiance {crush, Str+2}
                  | (You found it on level 11 of a ziggurat)
 66001 | Zig:12   | Entered Level 12 of a ziggurat
 66040 | Zig:12   | Found the +6 arbalest "Damnation" {damnation}
 66054 | Zig:12   | Got a transparent hunting sling
 66064 | Zig:12   | Identified the +1 hunting sling of Execution {velocity,
                  | rPois} (You found it on level 12 of a ziggurat)
 66110 | Zig:13   | Entered Level 13 of a ziggurat
 66198 | Zig:13   | Got a slimy great sword
 66242 | Zig:14   | Entered Level 14 of a ziggurat
 66263 | Zig:14   | Reached skill level 20 in Spellcasting
 66276 | Zig:14   | Identified Qidullua's Volume of the Unstable Entourage
 66281 | Zig:14   | Got a coiled copper ring
 66295 | Zig:14   | Got an ancient shortbow
 66350 | Zig:15   | Entered Level 15 of a ziggurat
 66380 | Zig:15   | Found the +5 robe of Night {Dark MR+ SInv}
 66598 | Hell     | Entered the Vestibule of Hell
 66598 | Hell     | Noticed Geryon
 66692 | Hell     | Killed Geryon
 67293 | Depths:5 | Found a gate to the Realm of Zot.
 67929 | Depths:5 | Found a runed translucent door.
 67929 | Depths:5 | Found a runed translucent door.
 67931 | Depths:5 | Found a runed translucent door.
 68135 | Depths:5 | Found a runed translucent door.
 68153 | Depths:5 | Found a runed translucent door.
 68806 | Pan      | Entered Pandemonium
 69382 | Pan      | Noticed Peetaasko the pandemonium lord
 69387 | Pan      | Killed Peetaasko the pandemonium lord
 69922 | Pan      | Noticed Feukegy the pandemonium lord
 69926 | Pan      | Killed Feukegy the pandemonium lord
 70323 | Pan      | Noticed Ovuxzeg the pandemonium lord
 70756 | Pan      | Identified the ring "Yrghit" {Wiz Str+4} (You found it on
                  | level 14 of a ziggurat)
 70775 | Pan      | Got an ichor-stained helmet
 70895 | Pan      | Reached skill level 5 in Conjurations
 71153 | Pan      | Learned a level 2 spell: Sublimation of Blood
 71684 | Pan      | Reached skill level 1 in Necromancy
 72052 | Pan      | Killed Ovuxzeg the pandemonium lord
 72130 | Pan      | Entered the realm of Mnoleg.
 72130 | Pan      | Noticed Mnoleg
 72135 | Pan      | Killed Mnoleg
 72864 | Pan      | Got a glowing rune of Zot
 72896 | Pan      | Paralysed by a floating eye for 2 turns
 72968 | Pan      | Paralysed by a floating eye for 2 turns
 72969 | Pan      | Gained mutation: Your body sometimes deteriorates upon
                  | taking damage. [a neqoxec]
 73251 | Pan      | Noticed Puisygyrch the pandemonium lord
 73331 | Pan      | Reached skill level 21 in Spellcasting
 73343 | Pan      | Gained mutation: Armour fits poorly on your strangely
                  | shaped body. [a cacodemon]
 73752 | Pan      | Reached skill level 5 in Necromancy
 74619 | Pan      | Got a demonic rune of Zot
 74820 | Pan      | Noticed Mennas
 74853 | Pan      | Found an exit through the horrors of the Abyss.
 75300 | Pan      | Identified the +1 helmet "Kawuitsouw" {Str+3 Int-5 Stlth+}
                  | (You found it in Pandemonium)
 75395 | Pan      | Killed Mennas
 75733 | Pan      | Reached skill level 10 in Conjurations
 75952 | Pan      | Identified the +8 fustibalus "Reetwa" {flame, rC- rN++
                  | Stlth+}
 75952 | Pan      | Identified the +3 robe of Seulucugu {+Blink rC- rCorr
                  | Str-2}
 75952 | Pan      | Identified the ring "Tyti" {rElec rN+ Str-4 Dex+4}
 75955 | Pan      | Identified the ring of the Bull {MP+9 Int+2}
 75955 | Pan      | Noticed a seraph
 75980 | Pan      | Killed a seraph
 76117 | Pan      | Identified the +1 ring mail of the Furies {Str+4}
 76270 | Pan      | Identified the Compendium of Ensnaring Good Luck
 76272 | Pan      | Found a glowing golden altar of the Shining One.
 76290 | Pan      | Identified Vyibleycs's Papyrus of Gliding Changing
 76415 | Pan      | Identified the ring of Jaenedgh {Fire Dex+4}
 76458 | Pan      | Reached skill level 22 in Spellcasting
 76617 | Pan      | Identified the +2 large shield of Relativism {MR+}
 76858 | Pan      | Identified the +6 large shield of Afam {+Blink rElec rF-
                  | Int+4}
 77013 | Pan      | Found a glowing silver altar of Zin.
 77080 | Depths:3 | Escaped Pandemonium
 77200 | Depths:4 | Voluntarily entered the Abyss.
 77494 | Abyss:2  | Found a sparkling altar of Nemelex Xobeh.
 77719 | Abyss:3  | Found a corrupted altar of Lugonu.
 77759 | Abyss:3  | Got a warped glaive
 77783 | Abyss:3  | Gained mutation: You occasionally shout uncontrollably at
                  | your foes. [mutagenic glow]
 77811 | Abyss:3  | Lost mutation: Armour fits poorly on your strangely shaped
                  | body. [a cacodemon]
 77972 | Abyss:3  | Found a corrupted altar of Lugonu.
 78170 | Abyss:3  | Found a sacrificial altar of Ru.
 78433 | Abyss:3  | Learned a level 8 spell: Lehudib's Crystal Spear
 78765 | Abyss:3  | Paralysed by accursed screaming for 1 turns
 78905 | Abyss:4  | Noticed an ancient lich
 78919 | Abyss:4  | Killed an ancient lich
 79091 | Abyss:5  | Entered Level 5 of the Abyss
 79130 | Abyss:5  | Got a distressingly furry leather armour
 79141 | Abyss:5  | Reached skill level 23 in Spellcasting
 79185 | Abyss:5  | Got an abyssal rune of Zot
 79309 | Depths:4 | Escaped the Abyss
 79387 | Depths:4 | Identified the +3 leather armour "Xuasinn" {*Slow +Fly
                  | rElec} (You found it on level 5 of the Abyss)
 79389 | Depths:4 | Upgraded the game from 0.24.0-3-g28a8eb0610 to
                  | 0.24.0-7-gb3623d2c88
 79498 | Pan      | Entered Pandemonium
 80058 | Pan      | Noticed Gebbexi the pandemonium lord
 80320 | Pan      | Entered the realm of Gloorx Vloq.
 80664 | Pan      | Reached skill level 5 in Stealth
 80823 | Pan      | Reached skill level 15 in Conjurations
 80833 | Pan      | Noticed Gloorx Vloq
 81348 | Pan      | Killed Gloorx Vloq
 81521 | Pan      | Got a dark rune of Zot
 81733 | Pan      | Got a translucent arbalest
 81774 | Pan      | Entered the realm of Lom Lobon.
 81930 | Pan      | Found an exit through the horrors of the Abyss.
 82304 | Pan      | Noticed Lom Lobon
 82314 | Pan      | Killed Lom Lobon
 82331 | Pan      | Got a magical rune of Zot
 82418 | Pan      | Entered the realm of Cerebov.
 82443 | Pan      | Reached skill level 24 in Spellcasting
 82684 | Pan      | Found an exit through the horrors of the Abyss.
 82693 | Pan      | Identified the amulet "Daek Qucw" {Harm *Contam *Drain +Inv
                  | rPois Str-4}
 83164 | Pan      | Identified the +6 sword of Cerebov {flame}
 83164 | Pan      | Noticed Cerebov
 83191 | Pan      | Gained mutation: Scrolls take you a little longer to read.
                  | [a cacodemon]
 83199 | Pan      | Killed Cerebov
 83430 | Pan      | Identified The Second Course in Hermeneutics
 83436 | Pan      | Got a heavily runed scale mail
 83444 | Pan      | Identified the ring "Xeopna" {rPois rF+ Dex+4 Stlth-}
 83516 | Pan      | Identified the Collected Works on Glamour and Conjuration
 83525 | Pan      | Identified the +6 arbalest of Wizoof {velocity, +Blink
                  | rPois rN++ Str-3} (You found it in Pandemonium)
 83526 | Pan      | Identified the +8 glaive "Qoshroteu" {venom, rPois rN+ MR+}
                  | (You found it on level 3 of the Abyss)
 83527 | Pan      | Identified the +11 great sword of Exoneration {flame,
                  | *Noise MR+ Int+8} (You found it on level 13 of a ziggurat)
 83528 | Pan      | Identified the cursed +3 shortbow "Ajyckili" {speed, +Inv
                  | Str+2 Stlth+} (You found it on level 14 of a ziggurat)
 83585 | Pan      | Got a fiery rune of Zot
 83651 | Pan      | Took an exit into the Abyss.
 83651 | Abyss:1  | Escaped into the Abyss
 83686 | Depths:3 | Escaped the Abyss
 83848 | Hell     | Found a gateway to the Iron City of Dis.
 83858 | Dis:1    | Entered Level 1 of the Iron City of Dis
 84186 | Dis:7    | Entered Level 7 of the Iron City of Dis
 84304 | Dis:7    | Gained mutation: You sometimes yell uncontrollably at your
                  | foes. [mutagenic glow]
 84514 | Dis:7    | Reached skill level 10 in Stealth
 84615 | Dis:7    | Reached skill level 10 in Necromancy
 84768 | Dis:7    | Identified the Papyrus of the Gravedigger
 84842 | Dis:7    | Noticed the Serpent of Hell
 85161 | Dis:7    | Reached skill level 25 in Spellcasting
 85238 | Dis:7    | Killed the Serpent of Hell
 85393 | Dis:7    | Identified the +4 staff of Dispater
 85393 | Dis:7    | Noticed Dispater
 85792 | Dis:7    | Killed Dispater
 85810 | Dis:7    | Got a glittering steel amulet
 85813 | Dis:7    | Got a shimmering long sword
 85816 | Dis:7    | Identified the +4 long sword "Plog" {drain, rN++ Str+4
                  | Int+4 Dex-2} (You found it on level 7 of the Iron City of
                  | Dis)
 85820 | Dis:7    | Got a crystal glaive
 85902 | Dis:7    | Got an iron rune of Zot
 85907 | Dis:7    | Got a transparent garnet amulet
 86018 | Hell     | Found a gateway to the freezing wastes of Cocytus.
 86101 | Hell     | Identified the +3 scale mail "Atifealaw" {MP+9} (You found
                  | it in Pandemonium)
 86146 | Hell     | Found a gateway to the ashen valley of Gehenna.
 86155 | Geh:1    | Entered Level 1 of Gehenna
 86717 | Geh:7    | Entered Level 7 of Gehenna
 87511 | Geh:7    | Learned a level 5 spell: Aura of Abjuration
 87548 | Geh:7    | Identified the +2 hunting sling of Beogh's Righteous Fury
                  | {velocity, SInv}
 87599 | Geh:7    | Identified the +7 sceptre of Asmodeus
 87599 | Geh:7    | Identified the +2 robe of the Kettle-Drum {MP+9 Dex+3}
 87599 | Geh:7    | Identified the +5 shield of Exclusion {Int+4 SInv}
 87599 | Geh:7    | Noticed Asmodeus
 87717 | Geh:7    | Killed Asmodeus
 87727 | Geh:7    | Got an obsidian rune of Zot
 87818 | Hell     | Found a gateway to the decaying netherworld of Tartarus.
 87861 | Tar:1    | Entered Level 1 of Tartarus
 88178 | Tar:4    | Mangled by a doom hound

Levels and vault maps discovered:
D:1:      psy_arrival_basics, layout_loops_ring, solitary_fountain,
          minmay_tetromino_o4
D:2:      layout_basic, nicolae_overflow_hidden_temple
D:3:      layout_loops_corners, gup_sewer_entry_spiral, uniq_grinder
D:4:      layout_gridville, minmay_temple_entry_crystal_x,
          chequers_hall_statues_wall_a, minmay_shop_enchanted_jewellery,
          uniq_ijyb, uniq_eustachio, uniq_menkaure
D:5:      layout_rooms, overflow_temple_1_default, basic_altar, first_ration
D:6:      layout_basic, chequers_temple_overflow_statue_of_worship,
          serial_shops, nicolae_shop_crystal
D:7:      layout_cave_pools, uniq_harold
D:8:      layout_basic, uniq_psyche
D:9:      layout_basic, david_orc_4, serial_shops, shop, grunt_pizzeria
D:10:     layout_roguey, erik_lair_dragon, serial_shops, shop
D:11:     minmay_the_grid_octo_tiled_squarecenter_mashed
          [minmay_the_grid_octo_concentric, minmay_the_grid_octo_fat_diamond,
          minmay_the_grid_octo_tetromino_candy, minmay_the_grid_octo_checkered,
          minmay_the_grid_square_5x5_megaprize_crossed,
          minmay_the_grid_square_5x5_dogpile, minmay_the_grid_square_5x5_seven,
          minmay_the_grid_square_5x5_fat_x, minmay_the_grid_square_5x5_longway],
          layout_long_grid, basic_altar, gammafunk_ghost_wrathful_warriors
D:12:     layout_roguey, serial_glass, glass_columns_a, glass_columns_a,
          minmay_misc_feat_chi
D:13:     layout_gridville, david_vaults_3, serial_shops, shop_fountains, shop,
          nicolae_shop_stone
D:14:     layout_basic, chequers_jeans, basic_altar, kennysheep_generic_room_13
D:15:     grunt_enter_depths_snipers, layout_loops_ring,
          roderic_lattice_octagonal_star, uniq_louise
Lair:1:   layout_regular_city, st_stairs_12
Lair:2:   layout_chaotic_city, minmay_snake_entry_six_corridors,
          gammafunk_ghost_berserking_beasts
Lair:3:   regret_index_combs_of_tragedy, layout_chaotic_city,
          shoals_dummy_entry, ebering_ghost_inner_flame, basic_altar,
          grunt_megastairs_3
Lair:4:   layout_cave_pods
Lair:5:   layout_regular_city, basic_altar, disabler_island, grunt_megastairs_5
Lair:6:   grunt_lair_end_beastmaster, layout_small_grid, slime_dummy,
          zaba_antful_of_joy
Shoals:1: layout_shoals
Shoals:2: layout_shoals, nicolae_shoals_seven_spires, uniq_polyphemus,
          uniq_ilsuiw, uniq_donald
Shoals:3: layout_shoals, ebering_ghost_disaster_area,
          nicolae_shoals_stone_sculpture_thing
Shoals:4: shoals_end_simple, layout_shoals, kb_tengu_band
Snake:1:  layout_onion, minmay_shop_star
Snake:2:  layout_onion, serial_shops, shop, nicolae_shop_waterfront,
          nicolae_shop_behind_doors
Snake:3:  layout_cave_shapes, nrook_guardian_serpent_double
Snake:4:  snake_pit, layout_cave_town, grunt_ministairs_6
Slime:1:  layout_caves
Slime:2:  layout_caves
Slime:3:  layout_caves
Slime:4:  layout_caves
Slime:5
Orc:1:    layout_caves, uniq_jorgrun, uniq_nergalle
Orc:2:    st_orc_ogre_mass, layout_caves
Elf:1:    layout_geoelf_grid, basic_altar, minmay_elf_demonology, uniq_asterion
Elf:2:    layout_onion_city
Elf:3:    elf_hall, layout_geoelf_octagon, serial_shops, nicolae_shop_crystal,
          minivault_23, nemelex_altar_shiori
Vaults:1: v_misc_30, v_rooms_3, v_rooms_4, v_misc_24, vaults_room_fancy_cross,
          vaults_standard_mumra_x, hangedman_vaults_corner_blocks,
          vaults_dpeg_encased_lava, hangedman_vaults_nails,
          nicolae_vaults_shelves_hall, v_misc_17, layout_vaults_ring
Vaults:2: ontoclasm_vaults_fault, nicolae_vaults_windows_and_doors_thing,
          ontoclasm_vaults_gateway, vaults_mumra_lcd, nicolae_vaults_alarming,
          vaults_mumra_chevron_long, hangedman_vaults_corner_blocks,
          ontoclasm_vaults_water_temple, v_pattern_2, hangedman_vaults_stream,
          v_misc_30, serial_ice_b, grunt_vaults_twisty,
          layout_vaults_maze_snakey
Vaults:3: minmay_crypt_entry_simple_round, v_misc_19,
          nicolae_vaults_yaktaur_gun_rack, hangedman_vaults_capsules,
          nicolae_vaults_circle_grid_b, hangedman_vaults_hard_town_square,
          nicolae_vaults_stairing_the_circle, ontoclasm_vaults_loading_screen,
          nicolae_vaults_border_crossing, hangedman_vaults_nodes,
          ontoclasm_vaults_shuriken, vaults_room_semicircle,
          layout_vaults_chaotic_city, serial_shops,
          nicolae_shop_competitors_out_of_business
Vaults:4: gammafunk_vaults_ghost_split, v_misc_13,
          vaults_standard_mumra_enter_the_diamond, vaults_dpeg_spiral,
          nicolae_vaults_little_squares_1, v_misc_25, grunt_tower_of_power,
          dpeg_vaults_monster_row, v_misc_22, dpeg_vaults_monster_box,
          vaults_room_stairs_pillars, hangedman_vaults_snaps,
          layout_vaults_big_cross, serial_shops, nicolae_shop_overgrown_old_shop
Vaults:5: uniq_xtahua
Depths:1: layout_forbidden_donut, muffindrake_ghost_three_little_ghosts,
          rand_demon_pan_entry_4, hell_entry, unseen_surprise_small,
          serial_bayou_shore_b, grunt_megastairs_1,
          infiniplex_staircase_pool_lava, serial_bayou_shore_b,
          minmay_shop_grove, serial_bayou_shore_b
Depths:2: minmay_slanted_spiral_squares, layout_cave_shapes, lightli_too_deep,
          minmay_misc_feat_diagonals, uniq_sojobo
Depths:3: minmay_inside_and_out, layout_honeycomb, hangedman_coc_ice_floe,
          pan_entry, hangedman_abyss_or_decor_passed,
          minmay_misc_feat_nine_boxes
Depths:4: lemuel_river_lethe, hell_entry, abyss_entry
Depths:5: evilmike_zot_entry_castle, layout_cave_shapes,
          grunt_decor_mini_mirrors, pf_hell_entry_tar_river,
          hangedman_decor_peaks_small
Hell
Dis:1:    layout_regular_city, hangedman_dis_decor_tower
Dis:2:    layout_jigsaw
Dis:3:    layout_gridville
Dis:4:    layout_jigsaw
Dis:5:    layout_regular_city
Dis:6:    layout_jigsaw
Dis:7:    iron_city_of_dis [dis_old, dis_wall_4], layout_chaotic_city
Geh:1:    layout_gehenna_pools_box
Geh:2:    layout_gehenna_lava_caves, lemuel_flamethrower_2
Geh:3:    layout_gehenna_lava_caves
Geh:4:    layout_gehenna_lava_caves
Geh:5:    layout_gehenna_pools_triple, nicolae_geh_amphitheater
Geh:6:    layout_gehenna_pools_box, grunt_megastairs_2
Geh:7:    geh_grunt_pentagon
Tar:1:    layout_cathedral_of_symmetry
Tar:2:    layout_cathedral_of_symmetry
Tar:3:    layout_catacombs, nicolae_tar_cuneiform_oil
Tar:4:    layout_catacombs

Skill      XL: |  1  2  3  4  5  6  7  8  9 10 11 12 13 14 15 16 17 18 19 20 21 22 23 24 25 26 27 |
---------------+----------------------------------------------------------------------------------+-----
Earth Magic    | 3 4 5 6 7 9 11 12 14 15 16 17 19 20 21 22 23 24 | 24.5
Spellcasting   | 2 3 4 5 6 7 8 9 10 11 12 13 14 15 16 17 18 25 | 25.9
Dodging        | 2 4 6 8 10 11 12 13 14 18 | 18.2
Fighting       | 4 7 10 13 15 16 19 | 19.5
Armour         | 2 3 5 6 14 | 14.0
Translocations | 6 10 13 16 18 | 18.0
Conjurations   | 17 | 17.7
Necromancy     | 12 | 12.4
Stealth        | 12 | 12.9
Transmutations | |  0.8

Action                   |  1- 3 |  4- 6 |  7- 9 | 10-12 | 13-15 | 16-18 | 19-21 | 22-24 | 25-27 || total
-------------------------+-------+-------+-------+-------+-------+-------+-------+-------+-------++-------
Melee: Unarmed           |    14 |       |       |       |       |       |       |       |       ||    14
       Short sword       |    53 |    89 |    72 |   108 |   102 |       |       |       |       ||   424
       Mace              |     8 |       |       |       |       |       |       |       |       ||     8
       Hand axe          |       |       |    48 |       |       |       |       |       |       ||    48
       Dagger            |       |       |    50 |   109 |       |       |       |       |       ||   159
       Staff             |       |       |       |       |    37 |     3 |    13 |    21 |   178 ||   252
Throw: Stone             |       |       |       |       |       |     1 |       |       |     5 ||     6
 Cast: Sandblast         |    38 |    41 |   109 |   204 |   188 |    24 |    62 |    65 |   186 ||   917
       Lee's Rapid Decon |       |       |     4 |    92 |   125 |    41 |    14 |    20 |   217 ||   513
       Stone Arrow       |       |       |       |    64 |   141 |     4 |       |     6 |     6 ||   221
       Iron Shot         |       |       |       |       |   255 |   102 |   279 |   333 |  1380 ||  2349
       Petrify           |       |       |       |       |     2 |       |     5 |     2 |       ||     9
       Regeneration      |       |       |       |       |     2 |     4 |     2 |     3 |   170 ||   181
       Shatter           |       |       |       |       |       |    23 |   107 |    99 |   261 ||   490
       Blink             |       |       |       |       |       |       |     2 |     3 |    13 ||    18
       Malign Gateway    |       |       |       |       |       |       |       |     4 |     4 ||     8
       Controlled Blink  |       |       |       |       |       |       |       |     4 |   137 ||   141
       Sublimation of Bl |       |       |       |       |       |       |       |       |   280 ||   280
       Lehudib's Crystal |       |       |       |       |       |       |       |       |   174 ||   174
       Shroud of Golubri |       |       |       |       |       |       |       |       |    23 ||    23
       Borgnjor's Vile C |       |       |       |       |       |       |       |       |    21 ||    21
       Aura of Abjuratio |       |       |       |       |       |       |       |       |     4 ||     4
       Summon Butterflie |       |       |       |       |       |       |       |       |     2 ||     2
Evoke: Wand              |       |     2 |    16 |    11 |    27 |    12 |    11 |    12 |    75 ||   166
       Phial of floods   |       |       |       |     2 |     3 |     2 |     2 |     1 |     7 ||    17
       Lamp of fire      |       |       |       |     1 |     2 |     1 |     1 |     2 |     7 ||    14
       Sack of spiders   |       |       |       |       |       |       |       |     2 |     8 ||    10
       Box of beasts     |       |       |       |       |       |       |       |       |     4 ||     4
       Lightning rod     |       |       |       |       |       |       |       |       |     2 ||     2
  Use: Potion            |       |     2 |     2 |     6 |     4 |    13 |     3 |     2 |    33 ||    65
       Scroll            |       |     1 |     5 |    19 |    10 |    16 |    10 |    14 |    53 ||   128
 Stab: Sleeping          |       |     7 |     3 |     2 |     1 |       |       |       |       ||    13
       Paralysed         |       |       |       |       |     7 |       |       |       |       ||     7
  Eat: Chunk             |     3 |     7 |    13 |    21 |    49 |     7 |    46 |    38 |     2 ||   186
       Ration            |       |       |       |     5 |     4 |     6 |     9 |     3 |    37 ||    64
Armor: Robe              |    17 |    21 |     9 |     1 |       |       |       |       |       ||    48
       Leather armour    |       |       |    55 |    12 |       |       |       |       |       ||    67
       Troll leather arm |       |       |       |    59 |   154 |    14 |    78 |   105 |   562 ||   972
       Scale mail        |       |       |       |    20 |       |       |       |       |       ||    20
Dodge: Dodged            |    59 |    63 |   110 |   294 |   496 |    70 |   287 |   345 |  1929 ||  3653
Block: Other             |       |    21 |    29 |    62 |   111 |    17 |    34 |    47 |   317 ||   638
